| TOP OF THE 1ST |
|
Hartford Whalers batting - Pitching for Columbus Clippers : RHP Kirk McCaskill
|
|
Pitching: RHP Kirk McCaskill
|
|
|
Batting: SHB Jason McDonald
|
0-0: Foul Ball, location: 2F 0-1: Ball 1-1: DOUBLE (Line Drive, 78M, EV 88.8 MPH)
|
|
Batting: LHB Dave Hansen
|
0-0: Ball 1-0: Ball 2-0: Foul Ball, location: 2F 2-1: Foul Ball, location: 2F 2-2: SINGLE (Groundball, 34D, EV 93.8 MPH) Jason McDonald to third Runner from 3rd tries for Home, SAFE, throw by RF to home
|
|
Batting: SHB Bobby Bonilla
|
0-0: Ball 1-0: Swinging Strike 1-1: DOUBLE (Groundball, 3L, EV 94.4 MPH) Dave Hansen to third Runner from 3rd tries for Home, SAFE, throw by RF to trailing runner, OUT at third! 9-4-5
|
|
Batting: LHB Rod Myers
|
0-0: Ball 1-0: Fly out, F7 (Line Drive, 7, EV 109.4 MPH)
|
|
Batting: RHB Ricky Gutierrez
|
0-0: Ball 1-0: Swinging Strike 1-1: Swinging Strike 1-2: Foul Ball, location: 2F 1-2: Ball 2-2: Foul Ball, location: 2F 2-2: Foul Ball, location: 2F 2-2: Foul Ball, location: 2F 2-2: Foul Ball, location: 2F 2-2: Fly out, F7 (Flyball, 7D, EV 83.8 MPH)
|
| Top of the 1st over - 2 runs, 3 hits, 0 errors, 0 left on base; Hartford 2 - Columbus 0 |
| BOTTOM OF THE 1ST |
|
Columbus Clippers batting - Pitching for Hartford Whalers : RHP Jimmy Haynes
|
|
Pitching: RHP Jimmy Haynes
|
|
|
Batting: RHB Carlos Garcia
|
0-0: Ball 1-0: SINGLE (Line Drive, 89S, EV 105.6 MPH)
|
|
Batting: RHB Miguel Mejia
|
0-0: Swinging Strike 0-1: Ball 1-1: Ball 2-1: Ball 3-1: Grounds into double play, 5-4-3 (Groundball, 56, EV 82.5 MPH)
|
|
Batting: RHB Bubba Trammell
|
0-0: Fly out, F8 (Flyball, 8LM, EV 73.8 MPH)
|
| Bottom of the 1st over - 0 runs, 1 hit, 0 errors, 0 left on base; Hartford 2 - Columbus 0 |
| TOP OF THE 2ND |
|
Hartford Whalers batting - Pitching for Columbus Clippers : RHP Kirk McCaskill
|
|
Batting: RHB Kevin Jordan
|
0-0: Ball 1-0: Foul Ball, location: 2F 1-1: Called Strike 1-2: Ball 2-2: SINGLE (Line Drive, 6D, EV 109.4 MPH)
|
|
Batting: LHB Todd Dunwoody
|
0-0: Ball 1-0: Ball 2-0: Ball 3-0: Base on Balls Kevin Jordan to second
|
|
Batting: RHB Mike Matheny
|
0-0: Ball 1-0: Called Strike 1-1: Grounds into double play, 5-4-3 (Groundball, 56S, EV 80.0 MPH) Kevin Jordan to third
|
|
Batting: RHB Gary Disarcina
|
0-0: Ball 1-0: Called Strike 1-1: Foul Ball, location: 2F 1-2: Ball 2-2: Foul Ball, location: 2F 2-2: Ball 3-2: Strikes out swinging
|
| Top of the 2nd over - 0 runs, 1 hit, 0 errors, 1 left on base; Hartford 2 - Columbus 0 |
| BOTTOM OF THE 2ND |
|
Columbus Clippers batting - Pitching for Hartford Whalers : RHP Jimmy Haynes
|
|
Batting: RHB Derrek Lee
|
0-0: Ball 1-0: Foul Ball, location: 2F 1-1: Foul Ball, location: 2F 1-2: Strikes out looking
|
|
Batting: RHB Wendell Magee
|
0-0: Ball 1-0: SOLO HOME RUN (Flyball, 7D, EV 88.1 MPH), Distance : 398 ft
|
|
Batting: RHB Kevin Orie
|
0-0: Ball 1-0: Foul Ball, location: 2F 1-1: Ball 2-1: Foul Ball, location: 2F 2-2: Ball 3-2: Base on Balls
|
|
Batting: LHB Chris Pritchett
|
0-0: Ball 1-0: Ball 2-0: Fly out, F8 (Flyball, 8LS, EV 81.9 MPH)
|
|
Batting: RHB Tilson Brito
|
0-0: Called Strike 0-1: Ball 1-1: Ball 2-1: Ball 3-1: Ground out 6-3 (Groundball, 6S, EV 92.5 MPH)
|
| Bottom of the 2nd over - 1 run, 1 hit, 0 errors, 1 left on base; Hartford 2 - Columbus 1 |
| TOP OF THE 3RD |
|
Hartford Whalers batting - Pitching for Columbus Clippers : RHP Kirk McCaskill
|
|
Batting: SHB Jason McDonald
|
0-0: Ball 1-0: Ball 2-0: Foul Ball, location: 2F 2-1: SINGLE (Line Drive, 89M, EV 113.1 MPH)
|
|
Batting: LHB Dave Hansen
|
0-0: Called Strike 0-1: Ball 1-1: Swinging Strike 1-2: Foul Ball, location: 2F 1-2: Ball 2-2: Reached on error, E9 (Flyball, 9LD, EV 94.4 MPH) Jason McDonald to third
|
|
Batting: SHB Bobby Bonilla
|
0-0: Called Strike 0-1: Ball 1-1: Foul Ball, location: 2F 1-2: Ball 2-2: Foul Ball, location: 2F 2-2: SINGLE (Line Drive, 6D, EV 98.8 MPH) Jason McDonald scores Dave Hansen to third Runner from 3rd tries for Home, SAFE, throw by CF to home Bobby Bonilla to second
|
|
Batting: LHB Rod Myers
|
0-0: Foul Ball, location: 2F 0-1: Foul Ball, location: 2F 0-2: Ball 1-2: Ball 2-2: Ball 3-2: Base on Balls
|
|
Batting: RHB Ricky Gutierrez
|
0-0: Called Strike 0-1: Ball 1-1: Fly out, F9 (Flyball, 9, EV 95.0 MPH)
|
|
Batting: RHB Kevin Jordan
|
0-0: 3-RUN HOME RUN (Line Drive, 9LD, EV 106.9 MPH), Distance : 353 ft
|
|
Pitching: RHP Marc Wilkins
|
|
|
Batting: LHB Todd Dunwoody
|
0-0: Ball 1-0: Called Strike 1-1: DOUBLE (Flyball, 8LXD, EV 93.1 MPH)
|
|
Batting: RHB Mike Matheny
|
0-0: Hit by Pitch
|
|
Batting: RHB Gary Disarcina
|
0-0: SINGLE (Groundball, 6M, EV 98.8 MPH) (infield hit) Todd Dunwoody to third Mike Matheny to second
|
|
Batting: SHB Jason McDonald
|
0-0: Called Strike 0-1: Ball 1-1: Fielders Choice at 2nd, 3-6 (Groundball, 3, EV 100.6 MPH) Todd Dunwoody scores Mike Matheny to third
|
|
Batting: LHB Dave Hansen
|
0-0: Fly out, F8 (Flyball, 8LM, EV 95.6 MPH)
|
| Top of the 3rd over - 6 runs, 5 hits, 1 error, 2 left on base; Hartford 8 - Columbus 1 |
| BOTTOM OF THE 3RD |
|
Columbus Clippers batting - Pitching for Hartford Whalers : RHP Jimmy Haynes
|
|
Batting: RHB Raul Chavez
|
0-0: Ball 1-0: Called Strike 1-1: Ball 2-1: Ball 3-1: Foul Ball, location: 2F 3-2: Ground out 3-1 (Groundball, 34, EV 97.5 MPH)
|
|
Batting: RHB Carlos Garcia
|
0-0: Called Strike 0-1: Called Strike 0-2: Fly out, F8 (Flyball, 8RS, EV 85.0 MPH)
|
|
Batting: RHB Miguel Mejia
|
0-0: SINGLE (Groundball, 6D, EV 97.5 MPH)
|
|
Batting: RHB Bubba Trammell
|
0-0: Called Strike Miguel Mejia steals 2nd base (no throw) 0-1: Ball 1-1: Ground out 6-3 (Groundball, 6, EV 106.9 MPH)
|
| Bottom of the 3rd over - 0 runs, 1 hit, 0 errors, 1 left on base; Hartford 8 - Columbus 1 |
| TOP OF THE 4TH |
|
Hartford Whalers batting - Pitching for Columbus Clippers : RHP Marc Wilkins
|
|
Batting: SHB Bobby Bonilla
|
0-0: Ball 1-0: Called Strike 1-1: Ball 2-1: Ball 3-1: Base on Balls
|
|
Batting: LHB Rod Myers
|
0-0: Ball 1-0: Called Strike 1-1: Foul Ball, location: 2F 1-2: Foul Ball, location: 2F 1-2: Ball 2-2: Foul Ball, location: 2F 2-2: Fielders Choice at 2nd, 1-6 (Groundball, 34S, EV 70.0 MPH)
|
|
Batting: RHB Ricky Gutierrez
|
0-0: Called Strike 0-1: Foul Ball, location: 2F 0-2: Ball 1-2: Ball 2-2: Fly out, F7 (Line Drive, 7, EV 93.8 MPH)
|
|
Batting: RHB Kevin Jordan
|
0-0: Called Strike 0-1: Ball 1-1: Fly out, F7 (Flyball, 78S, EV 83.1 MPH)
|
| Top of the 4th over - 0 runs, 0 hits, 0 errors, 1 left on base; Hartford 8 - Columbus 1 |
| BOTTOM OF THE 4TH |
|
Columbus Clippers batting - Pitching for Hartford Whalers : RHP Jimmy Haynes
|
|
Batting: RHB Derrek Lee
|
0-0: Ball 1-0: Called Strike 1-1: Ball 2-1: Fly out, F8 (Flyball, 8RD, EV 89.4 MPH)
|
|
Batting: RHB Wendell Magee
|
0-0: Ball 1-0: Fly out, F7 (Flyball, 7LS, EV 84.4 MPH)
|
|
Batting: RHB Kevin Orie
|
0-0: Ball 1-0: Foul Ball, location: 2F 1-1: Called Strike 1-2: Foul Ball, location: 2F 1-2: Strikes out looking
|
| Bottom of the 4th over - 0 runs, 0 hits, 0 errors, 0 left on base; Hartford 8 - Columbus 1 |
| TOP OF THE 5TH |
|
Hartford Whalers batting - Pitching for Columbus Clippers : RHP Marc Wilkins
|
|
Batting: LHB Todd Dunwoody
|
0-0: Ball 1-0: Called Strike 1-1: Ball 2-1: Swinging Strike 2-2: Foul Ball, location: 2F 2-2: Strikes out looking
|
|
Batting: RHB Mike Matheny
|
0-0: Foul Ball, location: 2F 0-1: Ball 1-1: Foul Ball, location: 2F 1-2: Fly out, F7 (Flyball, 7LS, EV 76.3 MPH)
|
|
Batting: RHB Gary Disarcina
|
0-0: Ball 1-0: SINGLE (Line Drive, 8LS, EV 96.9 MPH)
|
|
Batting: SHB Jason McDonald
|
0-0: Ball 1-0: Foul Ball, location: 2F 1-1: Swinging Strike 1-2: Ball Gary Disarcina steals 2nd base 2-2: Ball 3-2: Foul Ball, location: 2F 3-2: Reached on error, E3 (Groundball, 34S, EV 67.5 MPH) Gary Disarcina scores
|
|
Batting: LHB Dave Hansen
|
0-0: Foul Ball, location: 2F 0-1: Ball 1-1: Ball 2-1: Foul Ball, location: 2F 2-2: Foul Ball, location: 2F 2-2: Ball 3-2: Base on Balls
|
|
Pitching: RHP Greg Gohr
|
|
|
Batting: SHB Bobby Bonilla
|
0-0: Called Strike 0-1: Fly out, F9 (Flyball, 9LS, EV 95.6 MPH)
|
| Top of the 5th over - 1 run, 1 hit, 1 error, 2 left on base; Hartford 9 - Columbus 1 |
| BOTTOM OF THE 5TH |
|
Columbus Clippers batting - Pitching for Hartford Whalers : RHP Jimmy Haynes
|
|
Batting: LHB Chris Pritchett
|
0-0: SOLO HOME RUN (Flyball, 9LD, EV 93.1 MPH), Distance : 338 ft
|
|
Batting: RHB Tilson Brito
|
0-0: Swinging Strike 0-1: Ball 1-1: Called Strike 1-2: Strikes out swinging
|
|
Batting: RHB Raul Chavez
|
0-0: Called Strike 0-1: Ball 1-1: Called Strike 1-2: Ball 2-2: Strikes out swinging
|
|
Batting: RHB Carlos Garcia
|
0-0: Ball 1-0: Ball 2-0: Foul Ball, location: 2F 2-1: Foul Ball, location: 2F 2-2: Foul Ball, location: 2F 2-2: Foul Ball, location: 2F 2-2: Ball 3-2: Base on Balls
|
|
Batting: RHB Miguel Mejia
|
0-0: Ball 1-0: Foul Ball, location: 2F 1-1: Called Strike 1-2: Strikes out swinging
|
| Bottom of the 5th over - 1 run, 1 hit, 0 errors, 1 left on base; Hartford 9 - Columbus 2 |
| TOP OF THE 6TH |
|
Hartford Whalers batting - Pitching for Columbus Clippers : RHP Greg Gohr
|
|
Batting: LHB Rod Myers
|
0-0: Called Strike 0-1: Ball 1-1: Swinging Strike 1-2: Ball 2-2: Ball 3-2: Hit by Pitch
|
|
Batting: RHB Ricky Gutierrez
|
0-0: Ball 1-0: Foul Ball, location: 2F 1-1: Foul Ball, location: 2F 1-2: Fly out, F7 (Flyball, 7LS, EV 84.4 MPH)
|
|
Batting: RHB Kevin Jordan
|
0-0: Ball 1-0: Foul Ball, location: 2F 1-1: Grounds into double play, 4-6-3 (Groundball, 4, EV 78.8 MPH)
|
| Top of the 6th over - 0 runs, 0 hits, 0 errors, 0 left on base; Hartford 9 - Columbus 2 |
| BOTTOM OF THE 6TH |
|
Columbus Clippers batting - Pitching for Hartford Whalers : RHP Jimmy Haynes
|
|
Batting: RHB Bubba Trammell
|
0-0: Foul Ball, location: 2F 0-1: Fly out, F8 (Flyball, 8RS, EV 96.3 MPH)
|
|
Batting: RHB Derrek Lee
|
0-0: Ball 1-0: Ball 2-0: Ball 3-0: Base on Balls
|
|
Batting: RHB Wendell Magee
|
0-0: Called Strike 0-1: Ball 1-1: Ball 2-1: Ball 3-1: Base on Balls Derrek Lee to second
|
|
Batting: RHB Kevin Orie
|
0-0: Ball 1-0: Called Strike 1-1: Ball 2-1: Ball 3-1: Base on Balls Derrek Lee to third Wendell Magee to second
|
|
Batting: LHB Chris Pritchett
|
0-0: Called Strike 0-1: DOUBLE (Flyball, 8RXD, EV 106.9 MPH) Derrek Lee scores Wendell Magee scores Kevin Orie to third
|
|
Pitching: RHP Oscar Henriquez
|
|
|
Batting: RHB Tilson Brito
|
0-0: Ball 1-0: Called Strike 1-1: DOUBLE (Flyball, 89D, EV 101.3 MPH) Kevin Orie scores Chris Pritchett scores
|
|
Batting: RHB Raul Chavez
|
0-0: Ball 1-0: Ball 2-0: Swinging Strike 2-1: Foul Ball, location: 2F 2-2: Ball 3-2: Foul Ball, location: 2F 3-2: Ground out 6-3 (Groundball, 6, EV 105.0 MPH)
|
|
Batting: RHB Carlos Garcia
|
0-0: Foul Ball, location: 2F 0-1: SINGLE (Groundball, 34D, EV 103.1 MPH) Tilson Brito to third Runner from 3rd tries for Home, SAFE, no throw by RF
|
|
Batting: RHB Miguel Mejia
|
0-0: Ball 1-0: Ground out 1-3 (Groundball, 25, EV 71.3 MPH)
|
| Bottom of the 6th over - 5 runs, 3 hits, 0 errors, 1 left on base; Hartford 9 - Columbus 7 |
| TOP OF THE 7TH |
|
Hartford Whalers batting - Pitching for Columbus Clippers : RHP Greg Gohr
|
|
Batting: LHB Todd Dunwoody
|
0-0: Called Strike 0-1: DOUBLE (Line Drive, 78XD, EV 109.4 MPH)
|
|
Pitching: RHP Chris Brock
|
|
|
Batting: RHB Mike Matheny
|
0-0: Foul Ball, location: 2F 0-1: SINGLE (Line Drive, 6MD, EV 96.9 MPH) Todd Dunwoody to third Runner from 3rd tries for Home, SAFE, no throw by CF
|
|
Batting: RHB Gary Disarcina
|
0-0: Bunted foul 0-1: Bunt - Flyout to 5S! F5
|
|
Batting: SHB Jason McDonald
|
0-0: Called Strike 0-1: SINGLE (Line Drive, 5D, EV 101.9 MPH) Mike Matheny to second
|
|
Batting: LHB Dave Hansen
|
0-0: Fly out, F3 (Line Drive, 3, EV 65.6 MPH) Lined into DP, U3 (Line Drive, 3, EV 68.8 MPH)
|
| Top of the 7th over - 1 run, 3 hits, 0 errors, 1 left on base; Hartford 10 - Columbus 7 |
| BOTTOM OF THE 7TH |
|
Columbus Clippers batting - Pitching for Hartford Whalers : RHP Oscar Henriquez
|
|
Batting: RHB Bubba Trammell
|
0-0: Called Strike 0-1: Foul Ball, location: 2F 0-2: Ball 1-2: Foul Ball, location: 2F 1-2: Foul Ball, location: 2F 1-2: Strikes out swinging
|
|
Batting: RHB Derrek Lee
|
0-0: Ground out U3 (Groundball, 3L, EV 96.9 MPH)
|
|
Batting: RHB Wendell Magee
|
0-0: Ball 1-0: Fly out, F9 (Flyball, 9D, EV 100.0 MPH)
|
| Bottom of the 7th over - 0 runs, 0 hits, 0 errors, 0 left on base; Hartford 10 - Columbus 7 |
| TOP OF THE 8TH |
|
Hartford Whalers batting - Pitching for Columbus Clippers : RHP Chris Brock
|
|
Batting: SHB Bobby Bonilla
|
0-0: Called Strike 0-1: Foul Ball, location: 2F 0-2: Foul Ball, location: 2F 0-2: Ground out 5-3 (Groundball, 56S, EV 84.4 MPH)
|
|
Batting: LHB Rod Myers
|
0-0: Ball 1-0: Ball 2-0: Fly out, F9 (Line Drive, 9, EV 97.5 MPH)
|
|
Batting: RHB Ricky Gutierrez
|
0-0: Fly out, F8 (Flyball, 8LD, EV 103.8 MPH)
|
| Top of the 8th over - 0 runs, 0 hits, 0 errors, 0 left on base; Hartford 10 - Columbus 7 |
| BOTTOM OF THE 8TH |
|
Columbus Clippers batting - Pitching for Hartford Whalers : RHP Oscar Henriquez
|
|
Batting: RHB Kevin Orie
|
0-0: Called Strike 0-1: Ball 1-1: Foul Ball, location: 2F 1-2: SOLO HOME RUN (Flyball, 7D, EV 107.5 MPH), Distance : 413 ft
|
|
Pitching: RHP Mark Petkovsek
|
|
|
Batting: LHB Chris Pritchett
|
0-0: Swinging Strike 0-1: Ball 1-1: Ball 2-1: Ball 3-1: Fly out, F7 (Flyball, 78M, EV 91.9 MPH)
|
|
Batting: RHB Tilson Brito
|
0-0: Ball 1-0: Ball 2-0: Ball 3-0: Called Strike 3-1: Called Strike 3-2: Ground out 1-3 (Groundball, 13S, EV 70.0 MPH)
|
|
Batting: RHB Raul Chavez
|
0-0: Called Strike 0-1: Ball 1-1: Called Strike 1-2: Fly out, F7 (Flyball, 7LS, EV 96.3 MPH)
|
| Bottom of the 8th over - 1 run, 1 hit, 0 errors, 0 left on base; Hartford 10 - Columbus 8 |
| TOP OF THE 9TH |
|
Hartford Whalers batting - Pitching for Columbus Clippers : RHP Chris Brock
|
|
Batting: RHB Kevin Jordan
|
0-0: Ball 1-0: Fly out, F9 (Flyball, 9LD, EV 85.0 MPH)
|
|
Batting: LHB Todd Dunwoody
|
0-0: SINGLE (Line Drive, 6M, EV 105.6 MPH)
|
|
Pitching: RHP John Wetteland
|
|
|
Batting: RHB Mike Matheny
|
0-0: Foul Ball, location: 2F 0-1: Fly out, F5 (Line Drive, 5, EV 74.4 MPH)
|
|
Batting: RHB Gary Disarcina
|
0-0: Ball 1-0: Called Strike 1-1: Foul Ball, location: 2F 1-2: Foul Ball, location: 2F 1-2: Ball 2-2: Strikes out swinging
|
| Top of the 9th over - 0 runs, 1 hit, 0 errors, 1 left on base; Hartford 10 - Columbus 8 |
| BOTTOM OF THE 9TH |
|
Columbus Clippers batting - Pitching for Hartford Whalers : RHP Mark Petkovsek
|
|
Pitching: RHP Cory Lidle
|
|
|
Now at 2B: Felipe Crespo
|
|
|
Now at 3B: Kurt Abbott
|
|
|
Batting: RHB Carlos Garcia
|
0-0: Ball 1-0: Called Strike 1-1: SOLO HOME RUN (Flyball, 9D, EV 101.9 MPH), Distance : 384 ft
|
|
Pinch Hitting: LHB Darryl Hamilton
|
0-0: Ball 1-0: Called Strike 1-1: Foul Ball, location: 2F 1-2: Ball 2-2: SINGLE (Line Drive, 89M, EV 97.5 MPH)
|
|
Batting: RHB Bubba Trammell
|
0-0: Ball 1-0: Ball 2-0: Ball 3-0: Called Strike 3-1: SINGLE (Line Drive, 78S, EV 93.1 MPH) Darryl Hamilton to second
|
|
Batting: RHB Derrek Lee
|
0-0: Ball 1-0: Foul Ball, location: 2F 1-1: Swinging Strike 1-2: Fly out, F4 (Popup, 3S, EV 81.9 MPH)
|
|
Batting: RHB Wendell Magee
|
0-0: Called Strike 0-1: Foul Ball, location: 2F 0-2: Fly out, F9 (Flyball, 9LM, EV 86.9 MPH) Runner from 2nd tags up, SAFE at 3rd, no throw by RF
|
|
Batting: RHB Kevin Orie
|
0-0: Called Strike 0-1: Swinging Strike 0-2: SINGLE (Flyball, 3D, EV 82.5 MPH) Darryl Hamilton scores Bubba Trammell to second Runner from 2nd tries for 3rd, SAFE, throw by RF made to third
|
|
Batting: LHB Chris Pritchett
|
0-0: Called Strike 0-1: Ball 1-1: Ball 2-1: SINGLE (Flyball, 89S, EV 90.6 MPH) Bubba Trammell scores
|
 |
|
Friday, March 6th, 2026 - OOTP Baseball 20.8 Build 74
|
|